Map: Dusty Gorge

Players

MADscientist - Winner!

  • Race: Protoss Protoss
  • League: Platinum
  • Spawn Location: 5:00

BitsPlease - Winner!

  • Race: Terran Terran
  • League: Diamond
  • Spawn Location: 3:00

Brotoss

  • Race: Zerg Zerg
  • League: Diamond
  • Spawn Location: 9:00

birdflu

  • Race: Zerg Zerg
  • Spawn Location: 11:00

VOD

Have the link to the VOD?

Description

Time

  • Played on: Nov. 25, 2019, 10:45 p.m.
  • Length: 8:17
Show
View Real Time Build Order
Export as new Build Order

MADscientist Protoss - Winner!

Build Orders:  

Get SALT Encoding   

  12  0:01  Probe (Chrono Boost)  
  13  0:11  Probe (Chrono Boost)  
  14  0:21  Pylon  
  14  0:23  Probe  
  15  0:40  Forge  
  15  0:42  Probe  
  16  0:52  Pylon  
  16  0:55  Probe  
  17  1:08  Pylon  
  17  1:31  Photon Cannon x2  
  17  1:52  Assimilator  
  16  1:58  Probe  
  16  2:10  Probe  
  17  2:19  Photon Cannon  
  17  2:22  Probe  
  18  2:30  Assimilator, Nexus  
  18  2:37  Assimilator  
  18  2:44  Pylon  
  18  2:49  Pylon  
  18  3:13  Probe (Chrono Boost)  
  19  3:23  Probe (Chrono Boost)  
  19  3:35  Photon Cannon  
  19  3:36  Gateway  
  19  3:45  Photon Cannon  
  19  3:50  Probe  
  19  3:51  Pylon  
  19  3:54  Probe  
  21  4:03  Probe (Chrono Boost)  
  21  4:07  Probe (Chrono Boost)  
  23  4:15  Probe (Chrono Boost)  
  24  4:21  Assimilator  
  24  4:23  Probe (Chrono Boost)  
  24  4:24  Probe (Chrono Boost)  
  26  4:25  Assimilator  
  26  4:29  Probe  
  26  4:30  Probe  
  26  4:31  Cybernetics Core  
  28  4:41  Probe  
  28  4:43  Probe  
  30  5:09  Stargate  
  30  5:11  Stargate  
  30  5:14  Probe (Chrono Boost)  
  30  5:15  Probe (Chrono Boost)  
  32  5:22  Pylon  
  32  5:27  Probe x2 (Chrono Boost)  
  34  5:35  Probe x2 (Chrono Boost)  
  36  5:40  Probe  
  36  5:41  Probe  
  37  5:45  Shield Battery x2  
  38  5:51  Void Ray (Chrono Boost)  
  38  5:53  Probe  
  38  5:55  Void Ray (Chrono Boost)  
  47  6:26  Pylon  
  47  6:27  Void Ray (Chrono Boost)  
  47  6:28  Pylon  
  47  6:29  Probe  
  47  6:30  Probe  
  53  6:42  Probe  
  53  6:44  Void Ray (Chrono Boost)  
  58  7:36  Probe  
  58  7:37  Probe  
  60  7:48  Pylon x2, Probe  
Show
View Real Time Build Order
Export as new Build Order

BitsPlease Terran - Winner!

Build Orders:  

Get SALT Encoding   

  12  0:02  SCV  
  14  0:14  SCV  
  14  0:19  Supply Depot  
  14  0:26  SCV  
  15  0:40  SCV  
  15  0:41  Barracks  
  16  0:59  SCV  
  17  1:05  Barracks  
  17  1:11  SCV  
  18  1:18  Barracks  
  18  1:29  Orbital Command  
  18  1:30  Marine  
  19  1:34  Supply Depot  
  19  1:48  Marine  
  19  1:54  Refinery, Marine  
  20  1:56  SCV  
  20  2:00  Supply Depot  
  22  2:05  Marine  
  22  2:06  Marine  
  25  2:08  SCV  
  25  2:12  Marine  
  26  2:21  SCV  
  27  2:23  Marine, Supply Depot  
  27  2:24  Marine  
  29  2:30  Marine  
  29  2:33  SCV  
  31  2:41  Marine x2  
  33  2:46  Supply Depot, SCV  
  33  2:48  Marine  
  35  2:59  Marine x2  
  35  3:02  SCV  
  38  3:06  Marine  
  38  3:09  Supply Depot  
  39  3:14  Factory  
  39  3:15  SCV  
  40  3:24  Refinery  
  41  3:27  SCV  
  41  3:31  Bunker  
  37  3:50  Marine x2, SCV  
  37  3:53  Marine  
  40  4:02  SCV  
  40  4:08  Marine  
  42  4:10  Factory Tech Lab  
  42  4:11  Marine  
  42  4:14  SCV  
  44  4:17  Barracks Tech Lab  
  43  4:26  SCV  
  44  4:33  Barracks Reactor  
  44  4:34  Barracks Reactor  
  44  4:35  Siege Tank  
  47  4:47  Command Center  
  47  4:50  SCV  
  47  4:52  Marine  
  49  4:58  Stimpack  
  49  5:12  Marine  
  49  5:13  Marine x4  
  54  5:16  SCV  
  55  5:23  Siege Tank  
  57  5:30  Marine  
  57  5:31  SCV  
  59  5:37  Marine x4  
  63  5:43  Supply Depot  
  63  5:58  Marine, SCV x2  
  63  5:59  Marine x3  
  63  6:00  Starport  
  69  6:08  Marine  
  69  6:10  SCV  
  72  6:12  Refinery, Orbital Command  
  72  6:16  Marine  
  72  6:17  Marine x2  
  74  6:21  Supply Depot  
  74  6:23  SCV  
  75  6:31  Marine x2  
  80  6:32  Siege Tank  
  80  6:35  SCV  
  80  6:38  SCV  
  82  6:42  Marine  
  82  6:43  Marine x2  
  82  6:47  Starport Reactor, SCV  
  86  6:58  Marine x2, SCV  
  86  7:00  Marine  
  90  7:03  Marine x2, SCV  
  90  7:16  Marine  
  85  7:23  Marine, SCV  
  85  7:24  Marine x3, Siege Tank  
  93  7:32  SCV  
  93  7:33  Supply Depot  
  94  7:45  Marine x2, Medivac, SCV x2  
  94  7:47  Supply Depot  
  94  7:48  Marine, Supply Depot  
  101  7:56  Marine x2  
  101  7:57  SCV x2  
  105  7:59  Supply Depot  
  106  8:13  Supply Depot  
Show
View Real Time Build Order
Export as new Build Order

Brotoss Zerg 

Build Orders: 1 Base Baneling Bust, Pool First 

Get SALT Encoding   

  12  0:01  Drone  
  13  0:08  Drone  
  14  0:17  Overlord  
  14  0:36  Drone x3  
  17  0:55  Drone  
  18  1:07  Overlord  
  18  1:08  Extractor  
  17  1:16  Spawning Pool  
  16  1:25  Drone x2  
  18  2:04  Spine Crawler  
  17  2:09  Spine Crawler  
  17  2:10  Zergling x6  
  18  2:23  Overlord  
  17  2:37  Drone  
  18  2:44  Drone  
  19  3:04  Zergling x2, Queen  
  22  3:10  Drone  
  23  3:19  Drone  
  24  3:47  Zergling x2  
  24  3:48  Zergling x4  
  24  4:01  Overlord  
  24  4:12  Metabolic Boost  
  24  4:18  Overlord  
  24  4:29  Zergling x4  
  24  4:30  Zergling x2  
  27  4:35  Baneling Nest  
  26  4:42  Drone  
  27  4:51  Overlord  
  27  4:58  Zergling x6  
  30  5:05  Drone  
  31  5:22  Zergling x2  
  31  5:26  Zergling x4  
  34  5:38  Hatchery  
  32  6:03  Zergling x2  
  32  6:04  Zergling x10  
  37  6:11  Lair  
  37  6:14  Extractor  
  37  6:17  Baneling  
  37  6:18  Baneling x3  
  36  6:20  Baneling x2  
  36  6:23  Baneling  
  36  6:27  Zergling x2  
  28  7:07  Zergling x2  
  28  7:08  Zergling x16  
  36  7:12  Queen  
  37  7:32  Drone  
  37  7:33  Drone x4  
  42  7:44  Drone x2  
  44  7:51  Drone x2  
  44  7:54  Drone  
  44  7:57  Drone  
Show
View Real Time Build Order
Export as new Build Order

birdflu Zerg 

Build Orders: Pool First 

Get SALT Encoding   

  12  0:01  Drone  
  13  0:12  Overlord  
  13  0:18  Drone  
  14  0:31  Drone x2  
  16  0:36  Drone  
  17  0:45  Drone  
  17  0:48  Extractor  
  17  0:56  Drone  
  18  0:59  Spawning Pool  
  17  1:07  Drone  
  18  1:21  Drone  
  19  1:33  Drone  
  19  1:39  Overlord  
  20  1:45  Queen  
  22  1:52  Roach Warren  
  21  1:56  Spine Crawler  
  20  2:07  Drone  
  20  2:08  Drone  
  22  2:11  Extractor  
  21  2:26  Queen  
  23  2:41  Roach x2  
  23  2:43  Roach  
  29  2:45  Hatchery  
  28  3:05  Drone x2  
  30  3:07  Overlord  
  30  3:32  Roach x3  
  36  3:47  Roach  
  36  4:02  Roach x3  
  42  4:17  Overlord  
  42  4:30  Roach  
  44  4:39  Overlord  
  44  4:42  Drone x4  
  44  4:44  Queen  
  50  4:57  Overlord x3  
  50  5:01  Drone  
  50  5:02  Drone x2  
  53  5:13  Roach  
  53  5:14  Roach x2  
  59  5:16  Lair  
  59  5:34  Roach x2  
  59  5:35  Roach x3  
  69  5:50  Roach x3  
  69  5:54  Drone  
  76  6:10  Roach x3  
  76  6:11  Roach  
  84  6:15  Overlord  
  84  6:16  Overlord x2  
  84  6:37  Ravager x2  
  84  6:38  Ravager x2  
  88  6:44  Extractor  
  88  6:46  Extractor  
  36  7:24  Roach x11  
  36  7:25  Roach  
  36  7:27  Drone x3  
  61  7:50  Hydralisk Den  
  60  7:52  Hatchery  
  60  7:55  Ravager  
  60  7:56  Ravager  
  61  7:59  Drone x2  
  61  8:00  Drone x4  
  61  8:03  Spore Crawler  
  61  8:04  Spore Crawler  
Tags
 
Add a new tag
Caveats
  • Supply blocks, unpowered buildings, or Contaminate may cause inaccurate times.
  • Supply counts are checked every 10 seconds.